 Dungeon Crawl Stone Soup version 0.25-a0-1078-gea6e5d949a (webtiles) character file.

Game seed: 5017334216763936390, levelgen mode: deterministic

15 Maedhros the Sneak (level 2, -2/18 HPs)
             Began as an Octopode Artificer on May 15, 2020.
             Slain by a worker ant zombie (6 damage)
             ... on level 5 of the Dungeon.
             The game lasted 00:02:52 (428 turns).

Maedhros the Sneak (Octopode Artificer)              Turns: 428, Time: 00:02:52

Health: -2/18      AC:  1    Str: 11    XL:     2   Next: 50%
Magic:  4/4        EV: 13    Int: 13    God:
Gold:   24         SH:  0    Dex: 12    Spells: 1/1 levels left

rFire    . . .     SeeInvis .   a - +0 short sword
rCold    . . .     Gourm    .   (no shield)
rNeg     . . .     Faith    .   (helmet restricted)
rPois    .         Spirit   .   (no amulet)
rElec    .         Reflect  .   e - ring of protection from magic
rCorr    .         Harm     .   (no ring)
MR       +....                  (no ring)
Stlth    +++.......             (no ring)
HPRegen  0.06/turn              (no ring)
MPRegen  0.09/turn              (no ring)
                                (no ring)
                                (no ring)

@: brilliant
A: almost no armour, stealthy swim, amphibious, 8 rings, constrict 8, camouflage
1, gelatinous body 1
a: no special abilities


You were on level 5 of the Dungeon.
You were not hungry.

You visited 1 branch of the dungeon, and saw 5 of its levels.

You collected 24 gold pieces.

Inventory:

Hand Weapons
 a - a +0 short sword (weapon)
Jewellery
 e - a ring of protection from magic (left tentacle)
Wands
 b - a wand of flame (14)
 c - a wand of enslavement (12)
 d - a wand of random effects (14)
Scrolls
 g - 4 scrolls of identify {unknown}
 h - a scroll of remove curse {unknown}
 j - a scroll of random uselessness {unknown}
Potions
 l - a potion of haste
Comestibles
 f - a ration
 i - 2 chunks of flesh


   Skills:
 - Level 1.0 Fighting
 - Level 1.0 Short Blades
 - Level 2.0 Dodging
 + Level 3.6 Stealth
 - Level 3.2 Evocations


You had one spell level left.
You didn't know any spells.
Your spell library was empty.

Dungeon Overview and Level Annotations

Branches:
Dungeon (5/15)
 Temple: D:4-7

Altars:

Shops:
D:5 [


Innate Abilities, Weirdness & Mutations

You cannot wear most types of armour.
You are very stealthy in the water. (Stealth+)
You are amphibious.
You can wear up to eight rings at the same time.
You can use your tentacles to constrict eight enemies at once.
Your skin changes colour to match your surroundings (Stealth+).
Your rubbery body absorbs attacks. (AC +1, EV +1)


Message History

The adder moves out of view.
There is an open door here.
The adder is too close now for your liking.
An adder is nearby!
The adder hisses angrily.
Found 9 gold pieces.
Evoke which item? (* to show all) (? for menu, Esc to quit)
Aiming: Random Effects
Press: ? - help, Shift-Dir - straight line, f - adder
Aim: an adder The adder seems to speed up.
Evoke which item? (* to show all) (? for menu, Esc to quit)
Aiming: Enslavement
Press: ? - help, Shift-Dir - straight line, f/p - adder
Aim: an adder (fast, chance to defeat MR: 64%)
The adder is charmed.
A worker ant zombie comes into view.
Found a stone staircase leading down.
You swap places.
The worker ant zombie bites you.
You die...

## ### #.. ..
...#.### #####
#.#.#.## #...
#.#......###Z#####
#..........@S...$#
####...###.###.#
##.## #># #.# #..
#.# #### ##'##
##...## ##.....##
##..(....##


You could see a worker ant zombie and a friendly adder (charmed, fast).

Vanquished Creatures
  An adder (D:2)
  A giant cockroach (D:2)
  2 goblins (D:2)
  A bat (D:2)
  2 kobolds (D:2)
  A rat (D:2)
8 creatures vanquished.

Notes
Turn   | Place    | Note
-------+----------+-------------------------------------------
     0 | D:1      | Maedhros the Octopode Artificer began the quest for the
                  | Orb.
     0 | D:1      | Reached XP level 1. HP: 13/13 MP: 3/3
   303 | D:2      | Reached XP level 2. HP: 11/18 MP: 4/4
   346 | D:5      | Entered Level 5 of the Dungeon
   346 | D:5      | Found Ykaonenn's Armour Boutique.
   357 | D:5      | Noticed a centaur
   428 | D:5      | Slain by a worker ant zombie

Illustrated notes

Levels and vault maps discovered:
D:1:      wheals_arrival_linesprint, layout_basic
D:2:      layout_loops_corners, lemuel_round_altar
D:3:      layout_rooms, kennysheep_generic_room_6
D:4:      layout_basic, nemelex_xobeh_ov_fountains_minmay, lemuel_crystal_altar,
          temple_green, first_ration
D:5:      layout_loops_corners, lemuel_coloured_pillars_altar, serial_shops,
          shop, cheibrodos_ashenzari_chains

Skill      XL: |  1 |
---------------+----+-----
Stealth        | 3 |  3.6
Fighting       | |  1.0
Short Blades   | |  1.0
Dodging        | |  2.0
Evocations     | |  3.2

Action                   || total
-------------------------++-------
Melee: Short sword       ||    14
       Constrict         ||     2
Evoke: Wand              ||     5
  Use: Potion            ||     2
 Stab: Sleeping          ||     3
Dodge: Dodged            ||    10

Table legend:
 A = Non-vault XP
 B = Vault XP
 C = Vault XP percentage of total XP
 D = Non-vault monster count
 E = Vault monster count
 F = Vault count percentage of total count
                 A         B        C        D         E       F
            +---------+---------+-------+---------+---------+-------
      Total |      22 |       0 |   0.0 |       8 |       0 |   0.0
            +---------+---------+-------+---------+---------+-------
        D:2 |      22 |       0 |   0.0 |       8 |       0 |   0.0
            +---------+---------+-------+---------+---------+-------
